 Dungeon Crawl Stone Soup version 0.25.1-2-g60ff931df9 (webtiles) character file.

Game seed: 12809015963555431575

79 Elvor the Skirmisher (level 4, -7/41 HPs)
             Began as a Minotaur Fighter on Aug 26, 2020.
             Mangled by an ogre
             ... wielding a +0 giant spiked club
              (11 damage)
             ... on level 4 of the Dungeon.
             The game lasted 00:18:15 (2353 turns).

Elvor the Skirmisher (Minotaur Fighter)             Turns: 2353, Time: 00:18:15

Health: -7/41      AC: 13    Str: 22    XL:     4   Next: 16%
Magic:  3/3        EV:  4    Int:  5    God:
Gold:   177        SH:  9    Dex:  9    Spells: 3/3 levels left

rFire    . . .     SeeInvis .   a - +0 flail
rCold    . . .     Gourm    .   c - +0 kite shield
rNeg     . . .     Faith    .   e - +0 plate armour
rPois    .         Spirit   .   (helmet restricted)
rElec    .         Reflect  .   (no cloak)
rCorr    .         Harm     .   (no gloves)
MR       .....                  q - +0 pair of boots
Stlth    ..........             (no amulet)
HPRegen  0.13/turn              (no ring)
MPRegen  0.08/turn              (no ring)

@: no status effects
A: retaliatory headbutt, horns 2
a: no special abilities


You were on level 4 of the Dungeon.
You were not hungry.

You visited 1 branch of the dungeon, and saw 4 of its levels.

You collected 177 gold pieces.

Inventory:

Hand Weapons
 a - a +0 flail (weapon)
Missiles
 l - 15 poisoned darts (quivered)
Armour
 c - a +0 kite shield (worn)
 e - a +0 plate armour (worn)
 q - a +0 pair of boots (worn)
Scrolls
 g - a scroll of amnesia {unknown}
 j - a scroll of random uselessness {unknown}
 k - 4 scrolls of fear {unknown}
 m - a scroll of remove curse {unknown}
 o - a scroll of teleportation {unknown}
 p - a scroll of identify {unknown}
 s - a scroll of enchant weapon {unknown}
Potions
 b - 3 potions of curing {unknown}
 d - a potion of might
 h - a potion of berserk rage {unknown}
 i - 2 potions of magic {unknown}
 n - a potion of degeneration {unknown}
 r - a potion of lignification {unknown}
 t - a potion of haste {unknown}
Comestibles
 f - 2 rations
 u - 4 chunks of flesh


   Skills:
 + Level 4.3 Fighting
 + Level 3.6 Maces & Flails
 + Level 4.2 Armour
 + Level 4.3 Shields


You had 3 spell levels left.
You didn't know any spells.
Your spell library was empty.

Dungeon Overview and Level Annotations

Branches:
Dungeon (4/15)
 Temple: D:4-7

Altars:
Sif Muna

Annotations:
D:3 3 runed translucent doors, cada's ghost, amateur BaFi


Innate Abilities, Weirdness & Mutations

You reflexively headbutt those who attack you in melee.
You have a pair of horns on your head.


Message History

The hound bites you.
* * * LOW HITPOINT WARNING * * *
Found 11 bolts.
The hound bites you but does no damage. x2
An orc wizard comes into view. It is wielding a +0 dagger.
The orc wizard shouts!
You hear a shout!
An orc comes into view. It is wielding a +0 hand axe.
An orc comes into view. It is wielding a +0 flail.
The orc shouts! x2; You hear a shout!
You block the hound's attack. The hound bites you but does no damage.
A worker ant comes into view.
Found a stone staircase leading down.
An orc comes into view. It is wielding a -2 dagger.
The hound bites you but does no damage.
The orc moves out of view.
The hound bites you but does no damage. x2
There is a stone staircase leading up here.
The hound bites you.
* * * LOW HITPOINT WARNING * * *
The ogre hits you with a +0 giant spiked club!
You die...

##.<..# ....
....... ..#....
#..$.. ..........
##..... #..........
.......##[.# ......
..........###.....#
...........#......#
#.....@O..........
##......h..........
#..?....?.......#
.....).........##
...............#
#...........o.a#
#............o....#
...................
#..............#a..


You could see an ogre, a hound, a worker ant, an orc wizard and an orc.

Vanquished Creatures
  A gnoll (D:1)
  2 worms (D:2)
  2 leopard geckos (D:1)
  9 giant cockroaches
  5 hobgoblins
  5 jackals
  6 kobolds
  A quokka (D:3)
  6 bats
  5 frilled lizards
  11 goblins
  4 rats
57 creatures vanquished.

Notes
Turn   | Place    | Note
-------+----------+-------------------------------------------
     0 | D:1      | Elvor the Minotaur Fighter began the quest for the Orb.
     0 | D:1      | Reached XP level 1. HP: 19/19 MP: 0/0
    87 | D:1      | Reached XP level 2. HP: 27/27 MP: 1/1
   267 | D:1      | Reached XP level 3. HP: 26/33 MP: 2/2
  1769 | D:3      | Found a shimmering blue altar of Sif Muna.
  1800 | D:3      | Reached XP level 4. HP: 41/41 MP: 3/3
  2153 | D:3      | Found a runed translucent gate.
  2153 | D:3      | Identified the +4 whip "Transmigrator" {drain, +Blink +Inv
                  | rF++ Stlth+}
  2153 | D:3      | Noticed cada's ghost (amateur BaFi)
  2154 | D:3      | Noticed a big kobold
  2155 | D:3      | Found a runed translucent gate.
  2156 | D:3      | Found a runed translucent gate.
  2326 | D:4      | Noticed an ogre
  2353 | D:4      | Mangled by an ogre

Illustrated notes

Levels and vault maps discovered:
D:1:      psy_arrival_radial01, layout_basic
D:2:      layout_basic
D:3:      layout_basic, lemuel_round_altar, gammafunk_ghost_nasty_kobolds
D:4:      minmay_diamond_boxcup, layout_cave_pools, first_ration

Skill      XL: |  1  2  3 |
---------------+----------+-----
Fighting       | 4 |  4.3
Maces & Flails | 3 |  3.6
Shields        | 4 |  4.3
Armour         | 4 |  4.2

Action                   |  1- 3 |  4- 6 || total
-------------------------+-------+-------++-------
Melee: Flail             |   113 |    32 ||   145
       Headbutt          |    13 |     4 ||    17
  Eat: Chunk             |     3 |     2 ||     5
Armor: Scale mail        |    11 |       ||    11
       Plate armour      |    80 |    29 ||   109
Dodge: Dodged            |    20 |     4 ||    24
Block: Kite shield       |    55 |    21 ||    76
